AoeStats
← xXx_69_xXx

Arabia

506233305Analyzed
1v1 RM · 19d ago on Sep 12, 2026· 24m 37s· 2 players
Game mode
Random Map
Map size
Tiny (2 player)
Population
200
Speed
Normal
Resources
Standard
Victory
Conquest
Starting age
Dark Age
Ending age
Imperial Age
RankedLock teamsTeams togetherTeam positionsShared explorationLock speedFull tech treeHidden civsTurbo modeCheats
Victory
Defeat
🇧🇷 Mapuche · Brazil
1928
+12
🇲🇽 Japanese · Mexico
1843
-12
xXx_69_xXx
6:23 Loom
8:57 Feudal Age
9:13 Man-at-Arms
14:38 Town Watch
15:24 Fletching
15:25 Double-Bit Axe
21:29 Castle Age
20:02 Horse Collar
21:31 Pikeman
22:40 Squires
p4rtY3oY
5:10 Loom
5:16 Loom
10:37 Feudal Age
16:51 Castle Age
17:20 Double-Bit Axe
18:36 Bow Saw
19:12 Forging
Connection lost

Rejoining the realm…

Still unreachable

The connection could not be restored.

Session expired

The server has moved on; the page needs a fresh start.